[Event "*** Titled Tuesday Blitz"]
[Site "Chess.com"]
[Date "2020.05.12"]
[Round "6"]
[White "tacticthunder"]
[Black "kingofthenil"]
[Result "0-1"]
[WhiteElo "2607"]
[BlackElo "2473"]
[TimeControl "180+1"]
[EndTime "11:06:40 PDT"]
[Termination "kingofthenil won by resignation"]

1. e4 Nc6 2. Nf3 d5 3. exd5 Qxd5 4. d4 Bg4 5. Be2 O-O-O 6. Be3 e5 7. c4 Qa5+ 8. Bd2 Bb4 9. d5 Bxf3 10.
Bxf3 Nd4 11. Nc3 Nf6 12. O-O Qc5 13. b3 c6 14. a3 Bxc3 15. Bxc3 cxd5 16. cxd5 Kb8 17.
Rc1 Nxf3+ 18. Qxf3 Qxd5 19. Qg3 Rhe8 20. f3 Nh5 21.
Qh4 Nf4 22. Kh1 Ne2 23. Rc2 Qd3 24. Qe4 Nxc3 25. Qxd3 Rxd3 26. h4 Rd1 27. Rxd1 Nxd1 28. Rd2 Ne3 29. Rd7 Rf8 30. Re7 Nc2 31. Rxe5 Nxa3 32. Re7 Nc2 33. Kg1 Nd4 34. Re3 Rd8 35. b4 Rd7 36. Re8+ Kc7 37. Rh8 h6 38. Rg8 f6 39. Kf2 Nc6 40. b5 Nd4 41. h5 Nxb5 42. Ke3 Kb6 43. Kf4 Rc7 44. Kf5 a5 45. Kg6 a4 46.
Ra8 Na7 47. Rd8 a3 48. Rd3 Nb5 49. Rb3 Ka5 0-1

[Event "*** Titled Tuesday Blitz"]
[Site "Chess.com"]
[Date "2020.05.12"]
[Round "6"]
[White "djano"]
[Black "Azatnew"]
[Result "1-0"]
[WhiteElo "2451"]
[BlackElo "2708"]
[TimeControl "180+1"]
[EndTime "11:06:40 PDT"]
[Termination "djano won on time"]

1. d4 Nf6 2. Nf3 g6 3. Bf4 Bg7 4. Nbd2 O-O 5. c3 d5 6. h3 c5 7. e3 Nc6 8. Be2 Qb6 9. Qb3 c4 10. Qa3 Qd8 11. b3 b5 12. O-O Bf5 13. Ne5 Nxe5 14.
Bxe5 Nd7 15. Bxg7 Kxg7 16. Bf3 Nb6 17. e4 dxe4 18. Nxe4 Bxe4 19. Bxe4 Rc8 20. Qxa7 cxb3 21. axb3 Rxc3 22. d5 Rxb3 23. Rfd1 Nc4 24. Qd4+ Kg8 25. Ra7 Qd6 26. Rda1 Ra3 27. R7xa3 Nxa3 28. Qb2 b4 29. Bf3 Rc8 30. Qd4 Rc4 31. Qa7 h5 32. Qb7 Rc2 33. Rf1 Qc5 34. Be4 Rc1 35. Bd3 Rxf1+ 36.
Bxf1 Nc2 37. Qc6 Qc3 38. Qe8+ Kg7 39. Qxe7 b3 40. d6 b2 41. d7 Qd4 42. d8=Q Qxd8 43.
Qxd8 b1=N 44. Qd1 Nba3 45. Bd3 Nb4 46. Qb3 Nxd3 47. Qxd3 1-0

[Event "*** Titled Tuesday Blitz"]
[Site "Chess.com"]
[Date "2020.05.12"]
[Round "6"]
[White "Islamovqaasim"]
[Black "AGW2016"]
[Result "0-1"]
[WhiteElo "2312"]
[BlackElo "2142"]
[TimeControl "180+1"]
[EndTime "11:06:40 PDT"]
[Termination "AGW2016 won on time"]

1. d4 Nf6 2. Nf3 g6 3. c4 Bg7 4. Nc3 O-O 5. Bg5 d6 6. e3 c5 7. d5 h6 8. Bh4 g5 9. Bg3 Nh5 10. Be2 f5 11. Nd2 Nxg3 12. hxg3 Nd7 13. Qc2 a6 14. a4 Qe8 15. Bh5 Qd8 16. f4 gxf4 17.
gxf4 Nf6 18. Bg6 Ng4 19. Qd3 e6 20. O-O-O Qf6 21. Bh5 e5 22. Bxg4 fxg4 23. Nce4 Qe7 24. fxe5 Qxe5 25. Nc3 Bf5 26. e4 Bg6 27. Qe2 h5 28.
Nf1 Rae8 29. Nd2 Qg3 30. Ndb1 Rf2 31. Qd3 Qxd3 32. Rxd3 Rxg2 33. Rf1 Bxe4 34. Nxe4 Rxe4 35. Nd2 Ree2 36. Rf5 Bh6 37. Rxh5 Rxd2 38. Rxd2 Bxd2+ 39. Kd1 Be3 40. Rf5 Bd4 41. Rg5+ Kf7 42. b3 g3 43.
Ke1 Rb2 44. Rxg3 Bf2+ 45. Kf1 Bxg3 46. Kg1 Rxb3 0-1

[Event "*** Titled Tuesday Blitz"]
[Site "Chess.com"]
[Date "2020.05.12"]
[Round "6"]
[White "allvim"]
[Black "MisiekZielony"]
[Result "0-1"]
[WhiteElo "2264"]
[BlackElo "2123"]
[TimeControl "180+1"]
[EndTime "11:06:41 PDT"]
[Termination "MisiekZielony won by resignation"]

1. e4 Nf6 2. Nc3 d5 3. exd5 Nxd5 4. Bc4 Nb6 5. Bb3 Nc6 6. Nge2 e6 7. Ng3 Na5 8. O-O Nxb3 9. axb3 g6 10. d3 Bg7 11. Re1 O-O 12. Be3 Nd5 13. Nxd5 Qxd5 14. c3 c5 15. Ne4 b6 16. Bh6 Bb7 17. Bxg7 Kxg7 18. Qf3 f6 19. Re3 e5 20. Rae1 Qxb3 21.
Qh3 Bxe4 22. Rxe4 Rf7 23. Rh4 Rh8 24. Qe3 h5 25. g4 Qe6 26. gxh5 g5 27. Rh3 Qg4+ 28.
Qg3 Qxg3+ 29. Rxg3 Rxh5 30. Re4 Kf8 31. Kg2 Rd7 32.
Rf3 Ke7 33. d4 cxd4 34. cxd4 Rxd4 35. Rxd4 exd4 36. Ra3 Kd6 37. Rxa7 Rh4 38. Rb7 Kc6 39. Rf7 Rf4 40. Rf8 Kc5 41. Rc8+ Kb4 42. Rc6 b5 43. Kf1 Kb3 44. Ke2 b4 45. Kd3 Rxf2 46. Kxd4 Kxb2 47. Rxf6 Rxf6 0-1

[Event "*** Titled Tuesday Blitz"]
[Site "Chess.com"]
[Date "2020.05.12"]
[Round "6"]
[White "pfalcon1949"]
[Black "MYMChessAcademy"]
[Result "0-1"]
[WhiteElo "1988"]
[BlackElo "2262"]
[TimeControl "180+1"]
[EndTime "11:06:41 PDT"]
[Termination "MYMChessAcademy won on time"]

1. d4 Nf6 2. c4 g6 3. Nc3 Bg7 4. e4 d6 5. Nge2 O-O 6. Ng3 e5 7. d5 a5 8. Be2 Na6 9. h4 h5 10. Bg5 Qe8 11. Qd2 Bd7 12. O-O-O Nh7 13. Be3 a4 14. Rdg1 Nf6 15. Nf1 Ng4 16. Bxg4 Bxg4 17. f3 Bd7 18. g4 hxg4 19. fxg4 b5 20. h5 bxc4 21. hxg6 fxg6 22. Bh6 Rf4 23. Bxf4 exf4 24.
Qxf4 a3 25. Rh3 axb2+ 26. Kb1 Nb4 27. Rgh1 Nxa2 28. Nxa2 Rxa2 29. Rh8+ Bxh8 30. Rxh8+ Kxh8 31. Qh6+ Kg8 32. Kxa2 b1=Q+ 33. Kxb1 Qxe4+ 34. Kc1 Bxg4 35. Nd2 Qd3 36. Qg5 Bf5 37. Qd8+ Kf7 38. Qxc7+ Ke8 39. Qxc4 Qa3+ 40. Kd1 Bd3 41. Qc8+ Kf7 42. Qe6+ Kg7 43. Qe7+ Kh6 44. Qh4+ Kg7 45. Qe7+ Kg8 46. Qe8+ Kh7 47. Qf7+ Kh6 48. Qf4+ g5 49. Qf6+ Kh5 50. Qf3+ Kg6 0-1

[Event "*** Titled Tuesday Blitz"]
[Site "Chess.com"]
[Date "2020.05.12"]
[Round "6"]
[White "WildBizon"]
[Black "gvanna"]
[Result "1-0"]
[WhiteElo "2687"]
[BlackElo "2476"]
[TimeControl "180+1"]
[EndTime "11:06:42 PDT"]
[Termination "WildBizon won by resignation"]

1. e4 c5 2. Nf3 Nc6 3. d4 cxd4 4. Nxd4 g6 5. c4 Nf6 6. Nc3 Nxd4 7. Qxd4 d6 8. Bg5 Bg7 9. f3 O-O 10. Qd2 a5 11. Rc1 a4 12. Bd3 Be6 13. Nb5 Nd7 14.
h4 h5 15. Bh6 Nc5 16. Be2 Qb6 17. Bxg7 Kxg7 18. Qc3+ f6 19. Qd2 Bd7 20. Nc3 Be6 21. g4 hxg4 22. fxg4 Rh8 23. h5 gxh5 24. gxh5 Rag8 25.
h6+ Kh7 26. Nd5 Qd8 27. Nf4 Qd7 28. Bd3 Rg5 29. Kd1 Rhg8 30. Kc2 b5 31. cxb5 Bxa2 32. e5+ Kh8 33. h7 R8g7 34. exf6 exf6 35. Rce1 Qf7 36.
Qc3 Nxd3 37. Qxd3 Rc5+ 38. Kd2 Rg4 39. Rhf1 Qxh7 40. Rh1 Rh4 41. Rxh4 Qxh4 42. Ng6+ Kg7 43.
Nxh4 Rg5 44. Re7+ Kf8 45. Ra7 Bb3 46. Qxd6+ 1-0

[Event "*** Titled Tuesday Blitz"]
[Site "Chess.com"]
[Date "2020.05.12"]
[Round "6"]
[White "Kaliopa"]
[Black "AndriiTop"]
[Result "1-0"]
[WhiteElo "2117"]
[BlackElo "2339"]
[TimeControl "180+1"]
[EndTime "11:06:42 PDT"]
[Termination "Kaliopa won by checkmate"]

1. e4 c6 2. d4 d5 3. e5 c5 4. dxc5 Nc6 5. Nf3 Bg4 6. Be2 e6 7. a3 Bxc5 8. b4 Bb6 9. Bb2 Nge7 10. O-O O-O 11. Nbd2 Rc8 12. c4 d4 13. Nb3 Bxf3 14. Bxf3 Nxe5 15. c5 Bc7 16. Bxb7 Rb8 17. Be4 d3 18. Bxe5 Bxe5 19. Rb1 Qc7 20. Qxd3 f5 21. Bf3 Bxh2+ 22. Kh1 Be5 23. Rfe1 Rbd8 24. Qe2 Ng6 25. Na5 Qe7 26. g3 f4 27. Nc6 Rf5 28. Nxe7+ Nxe7 29. g4 Rg5 30. Qxe5 Rxe5 31. Rxe5 Kf7 32. Rbe1 Rd3 33.
Kg2 Ng6 34. Rxe6 Nh4+ 35. Kf1 Nxf3 36. Re7+ Kf8 37. Rxa7 Nxe1 38. Kxe1 f3 39. c6 Rc3 40.
c7 Ke8 41. Ra8+ Kd7 42. c8=Q+ Rxc8 43. Rxc8 Kxc8 44. Kd2 g6 45. Ke3 h5 46. gxh5 gxh5 47.
Kxf3 h4 48. Kg4 h3 49. Kxh3 Kb7 50. Kg4 Ka6 51. f4 Kb5 52. f5 Ka4 53. f6 Kb3 54. f7 Ka2 55. f8=Q Kb2 56. Qc5 Kb1 57. b5 Ka1 58. b6 Ka2 59. b7 Kb1 60. b8=Q+ Ka1 61.
Qc1+ Ka2 62. Qbb2# 1-0

[Event "*** Titled Tuesday Blitz"]
[Site "Chess.com"]
[Date "2020.05.12"]
[Round "6"]
[White "SaySpade4VIP"]
[Black "BocharovD"]
[Result "1-0"]
[WhiteElo "2660"]
[BlackElo "2841"]
[TimeControl "180+1"]
[EndTime "11:06:43 PDT"]
[Termination "SaySpade4VIP won by checkmate"]

1. e4 c5 2. Nf3 d6 3. Bb5+ Nd7 4.
O-O Nf6 5. Re1 a6 6. Bd3 b5 7. c4 g5 8. Nxg5 Ne5 9. Bf1 bxc4 10.
d4 cxd3 11. f4 Bg4 12. Qd2 Nc6 13. Qxd3 h6 14. Nf3 Bg7 15. Nbd2 Nb4 16. Qb1 O-O 17. a3 Nc6 18. h3 Bc8 19. e5 Nd5 20. Nc4 Nb6 21.
Be3 Bb7 22. Nxb6 Qxb6 23. b4 Nd4 24. bxc5 Nxf3+ 25. gxf3 Qc6 26. Be2 dxe5 27. fxe5 Bxe5 28. Ra2 Kh8 29. Qf5 Rg8+ 30. Kh1 Bc3 31. Rb1 Bc8 32. Qxf7 Be6 33. Qh5 Bxa2 34. Rb6 Rg6 35. Rxc6 Rxc6 36. Bxh6 Kg8 37. Qg4+ Kf7 38. Bc4+ Bxc4 39. Qxc4+ Ke8 40.
Qg8+ Kd7 41. Qxa8 Rxh6 42. Qb7+ Kd8 43. c6 Be5 44. Qd7# 1-0

[Event "*** Titled Tuesday Blitz"]
[Site "Chess.com"]
[Date "2020.05.12"]
[Round "6"]
[White "Rodchenkov_Vitalij"]
[Black "praveenb2002"]
[Result "0-1"]
[WhiteElo "2433"]
[BlackElo "2712"]
[TimeControl "180+1"]
[EndTime "11:06:43 PDT"]
[Termination "praveenb2002 won on time"]

1. d4 d5 2. c4 c6 3. Nf3 Nf6 4. e3 Bf5 5. Nc3 e6 6. Nh4 Be4 7. f3 Bg6 8. Qb3 Qc7 9. Bd2 Nbd7 10.
cxd5 exd5 11. O-O-O Bd6 12. Nxg6 hxg6 13. Bd3 Rxh2 14. Rxh2 Bxh2 15. e4 O-O-O 16. e5 Nh5 17. Kb1 Qb6 18. Qxb6 Nxb6 19. Rh1 Bf4 20. Kc2 Bxd2 21.
Kxd2 Nf4 22. Rh7 Ne6 23. Ne2 Nd7 24. b4 b6 25. Rh1 Kb7 26. a4 c5 27. bxc5 bxc5 28.
Rb1+ Kc7 29. Nc3 Nb6 30. a5 Nc8 31. Ba6 cxd4 32. Rb7+ Kc6 33. Na2 d3 34. Nb4+ Kc5 35. Nxd3+ Kc6 36. Nb4+ Kc5 37. Rb5+ Kc4 38. Rb7+ Kc5 39.
Kd3 Nf4+ 40. Kc3 d4+ 41. Kb3 d3 42. Rc7+ Kd4 43. Nc6+ Ke3 44. Nxd8 d2 45. Rd7 Ne7 46. Nb7 Ned5 0-1

[Event "*** Titled Tuesday Blitz"]
[Site "Chess.com"]
[Date "2020.05.12"]
[Round "6"]
[White "BlackWidow515"]
[Black "Camels1981"]
[Result "0-1"]
[WhiteElo "2123"]
[BlackElo "2292"]
[TimeControl "180+1"]
[EndTime "11:06:43 PDT"]
[Termination "Camels1981 won by checkmate"]

1. e4 c5 2. Nf3 d6 3. d4 cxd4 4.
Nxd4 Nf6 5. Nc3 a6 6. Be2 e6 7.
Be3 Be7 8. O-O O-O 9. h3 Qc7 10. Qd2 Nc6 11. a4 Bd7 12. f4 Nxd4 13. Bxd4 Bc6 14. e5 dxe5 15. Bxe5 Qb6+ 16. Kh1 Rad8 17. Bd3 Nd5 18. a5 Qe3 19. Rad1 Qxd2 20. Rxd2 Ne3 21. Rff2 Bb4 22. Bc7 Rd7 23. Bb6 Nd5 24. Be4 Nxb6 25. Bxc6 Rxd2 26. Rxd2 Bxc3 27. bxc3 Nc4 28. Rd4 Nxa5 29.
Bf3 Rb8 30. Ra4 b6 31. c4 Rc8 32. Be2 Rc5 33. Rb4 Rc6 34. g3 Kf8 35. Bf3 Rd6 36. Kg2 Ke7 37. Ra4 Rd2+ 38. Kf1 Rxc2 39. h4 Rxc4 40. Ra2 Kd6 41. Be2 Rc3 42. Kf2 Nc6 43.
Rxa6 Rb3 44. Ra8 g6 45. g4 Nd4 46. Rd8+ Kc5 47. Rc8+ Kd5 48. Rd8+ Ke4 49. f5 gxf5 50.
g5 Rb2 51. Kf1 Nxe2 52. h5 Ng3+ 53. Kg1 Kf3 54. g6 Rg2# 0-1

[Event "*** Titled Tuesday Blitz"]
[Site "Chess.com"]
[Date "2020.05.12"]
[Round "6"]
[White "Anton_Demchenko"]
[Black "StockholmMissile"]
[Result "1-0"]
[WhiteElo "2813"]
[BlackElo "2445"]
[TimeControl "180+1"]
[EndTime "11:06:44 PDT"]
[Termination "Anton_Demchenko won by resignation"]

1. d4 d5 2. Nf3 Nf6 3. Bf4 c5 4. e3 Nc6 5. Nbd2 e6 6. c3 Be7 7. Ne5 Nxe5 8. dxe5 Nd7 9. h4 b6 10. Qg4 g6 11. h5 g5 12. Bg3 Qc7 13. Nf3 h6 14. c4 Bb7 15. cxd5 Bxd5 16. Qa4 O-O 17. Be2 Rfd8 18. O-O Nf8 19. Rfd1 Bc6 20. Bb5 Bxb5 21. Qxb5 Rxd1+ 22. Rxd1 Rd8 23. Rc1 Qd7 24. Qa6 Qc7 25.
Nh2 Rd2 26. Ng4 Kg7 27. Rb1 Nd7 28. Qc4 Nb8 29. Nf6 Qd8 30. Kh2 Nc6 31. Qe4 Nxe5 32. Qh7+ Kxf6 33. Qxh6+ Kf5 34. e4+ Kxe4 35. Re1+ Kd3 36.
Rxe5 Kc4 37. Qh7 Kb5 38. Qxf7 Ka6 39. Qxe6 Bd6 40. Re3 Bxg3+ 41. fxg3 Rd3 42. Qc4+ Kb7 43. Qxd3 1-0

[Event "*** Titled Tuesday Blitz"]
[Site "Chess.com"]
[Date "2020.05.12"]
[Round "6"]
[White "DDTerziev04"]
[Black "CraiggoryC"]
[Result "0-1"]
[WhiteElo "2262"]
[BlackElo "2120"]
[TimeControl "180+1"]
[EndTime "11:06:44 PDT"]
[Termination "CraiggoryC won on time"]

1. e4 e6 2. d4 d5 3. e5 c5 4. c3 Qb6 5. Nf3 Nc6 6. Bd3 cxd4 7. cxd4 Bd7 8. O-O Nxd4 9. Nxd4 Qxd4 10. Nc3 a6 11. Be3 Qxe5 12. Re1 Nf6 13. a4 Bb4 14. Bc5 Qxe1+ 15. Qxe1 Bxc5 16. Rd1 O-O 17. Qe2 Rac8 18.
Bc2 Bb4 19. Qd3 Rc4 20. h3 Rfc8 21. g4 Bxc3 22. g5 Ne4 23. Bb3 Rd4 24. Qe2 Rxd1+ 25.
Qxd1 Bxb2 26. Kg2 Nxg5 27. f3 Bf6 28. h4 d4 29. hxg5 Bxg5 30. Qxd4 Bc6 31. Qd3 Rd8 32.
Qc3 Bd2 33. Qc2 Bh6 34. Qc3 g6 35. Bc2 Rd2+ 36. Kg3 Rd5 37. Kg2 Rd2+ 38. Kg3 Rd5 39. Kg2 Rg5+ 40. Kf2 Rh5 41. Kg2 Rd5 42. Kg3 Bd2 43.
Qb3 Kg7 44. Be4 Rd4 0-1

[Event "*** Titled Tuesday Blitz"]
[Site "Chess.com"]
[Date "2020.05.12"]
[Round "6"]
[White "BAS8892"]
[Black "Gergo85"]
[Result "1-0"]
[WhiteElo "2721"]
[BlackElo "2514"]
[TimeControl "180+1"]
[EndTime "11:06:45 PDT"]
[Termination "BAS8892 won by resignation"]

1. d4 d5 2. c4 dxc4 3. e4 e5 4. Nf3 exd4 5. Bxc4 Nc6 6. O-O Bc5 7. Nbd2 Bb6 8. b4 a6 9. Nb3 Nh6 10. h3 O-O 11. a3 Be6 12. Qd3 Bxc4 13. Qxc4 Qf6 14. Bb2 Rad8 15. Rad1 Qg6 16. Rfe1 Qe6 17. Qxe6 fxe6 18.
Nbxd4 Nxd4 19. Bxd4 Rxf3 20. Bxb6 Rfd3 21. Rxd3 Rxd3 22. Bxc7 Rxa3 23. Rd1 Nf7 24. Rd7 Rb3 25. Ba5 b6 26. Bxb6 Rxb4 27. Be3 Rxe4 28. Ra7 Ne5 29.
Rxa6 Ng6 30. Ra7 Rc4 31. g3 Nf8 32. Kg2 Rb4 33. h4 Rc4 34. h5 h6 35. Bf4 Rd4 36.
Rxg7+ Kxg7 37. Be5+ Kf7 38. Bxd4 Nd7 39. f4 Nb8 40. Kf3 Nc6 41. Be5 Ne7 42. g4 Nd5 43. g5 hxg5 44. fxg5 Ne7 45. Kg4 Nc6 46. g6+ Kg8 47. Bf6 Nb4 48. h6 Nd5 49. h7+ 1-0

[Event "*** Titled Tuesday Blitz"]
[Site "Chess.com"]
[Date "2020.05.12"]
[Round "6"]
[White "Hasangatin_Ramil"]
[Black "fidezivkovic"]
[Result "1-0"]
[WhiteElo "2557"]
[BlackElo "2369"]
[TimeControl "180+1"]
[EndTime "11:06:46 PDT"]
[Termination "Hasangatin_Ramil won by checkmate"]

1. e4 c5 2. Nf3 g6 3. Bc4 e6 4.
O-O Bg7 5. Re1 Ne7 6. e5 d5 7. exd6 Qxd6 8. d3 O-O 9. Nbd2 b6 10. Ne4 Qc7 11. h4 Nbc6 12. h5 Nf5 13. c3 Bb7 14.
Qe2 Nd6 15. h6 Bh8 16. Bf4 e5 17. Nxd6 Qxd6 18. Nxe5 Nxe5 19. Bxe5 Qxe5 20. Qxe5 Bxe5 21. Rxe5 Rfe8 22. Rae1 Kf8 23. f4 Rxe5 24. fxe5 Rd8 25. Kf2 Bd5 26. Bxd5 Rxd5 27. Re3 Ke7 28. Kf3 Ke6 29. Kf4 b5 30. g4 a5 31. b3 b4 32. c4 Rd4+ 33. Kg3 g5 34. Kf3 Rf4+ 35. Kg3 Rd4 36. Rf3 Kxe5 37. Rf5+ Ke6 38. Rxg5 Rxd3+ 39. Kf4 Rd2 40. Rxc5 Rxa2 41. Rc6+ Ke7 42. Ra6 Ra3 43. Ke5 Rxb3 44. Ra7+ Kf8 45. Rxa5 Rf3 46. c5 b3 47. Rb5 Rc3 48. Kd4 Rg3 49. Kd5 Rxg4 50. c6 Rg5+ 51. Kd6 Rxb5 52. c7 b2 53. c8=Q# 1-0

[Event "*** Titled Tuesday Blitz"]
[Site "Chess.com"]
[Date "2020.05.12"]
[Round "6"]
[White "Zq1"]
[Black "manmanlai1"]
[Result "1/2-1/2"]
[WhiteElo "2533"]
[BlackElo "2334"]
[TimeControl "180+1"]
[EndTime "11:06:46 PDT"]
[Termination "Game drawn by repetition"]

1. d4 d5 2. c4 e6 3. Nc3 Bb4 4.
a3 Bxc3+ 5. bxc3 c6 6. e3 b6 7. Nf3 Ba6 8. cxd5 Bxf1 9. Kxf1 cxd5 10. c4 Nf6 11. g3 O-O 12. cxd5 Qxd5 13. Kg2 Nc6 14.
Qe2 Na5 15. Re1 Ne4 16. Bb2 Rac8 17. Kg1 Nc4 18. Ne5 Nxb2 19. Qxb2 f6 20. Nf3 Nxg3 21.
hxg3 Qxf3 22. e4 Qc3 23. Qb4 Rfd8 24. Qe7 Qxd4 25. Qxe6+ Kh8 26. Rad1 Qc5 27. Rxd8+ Rxd8 28. e5 fxe5 29. Rxe5 Qxa3 30. Kg2 h6 31. Rf5 Qd6 32. Qe4 Rf8 33. Rd5 Qc6 34. f4 b5 35. Kh3 b4 36.
Qxb4 Qxd5 37. Qxf8+ Kh7 38. f5 a5 39. g4 a4 40. Qe8 Qd3+ 41. Kh4 Qa6 42. Qe4 Qf6+ 43. Kh3 a3 44. Qa4 Qc3+ 45. Kh4 Qe1+ 46. Kh3 Qf1+ 47. Kg3 Qe2 48. Qxa3 Qe5+ 49. Kh3 Qf6 50. Qf3 Qe5 51. Qg3 Qf6 52. Qf3 Qe5 53. Qg3 Qf6 54. Qf3 1/2-1/2

[Event "*** Titled Tuesday Blitz"]
[Site "Chess.com"]
[Date "2020.05.12"]
[Round "6"]
[White "crescentmoon2411"]
[Black "mikolka1985"]
[Result "1-0"]
[WhiteElo "2812"]
[BlackElo "2626"]
[TimeControl "180+1"]
[EndTime "11:06:47 PDT"]
[Termination "crescentmoon2411 won by checkmate"]

1. e4 e5 2. Nf3 Nc6 3. Bc4 Bc5 4.
c3 Nf6 5. d3 d6 6. Bg5 a6 7. a4 Ba7 8. Nbd2 Qe7 9. b4 Be6 10.
Qb3 Nd8 11. O-O Bxc4 12. Nxc4 Ne6 13. Be3 O-O 14. Bxa7 Rxa7 15. g3 Raa8 16. Ne3 c6 17. Rfe1 Qc7 18. a5 Rad8 19. Nc4 Rfe8 20. Rad1 h6 21.
Qb1 Ng5 22. Nxg5 hxg5 23. d4 exd4 24. cxd4 d5 25. exd5 Nxd5 26. Qf5 Nc3 27. Rxe8+ Rxe8 28. Rd3 Nd5 29. Qxg5 Nxb4 30. Re3 Rxe3 31. Nxe3 Qd7 32.
Nf5 f6 33. Qg4 Kf8 34. Qh5 Kg8 35. h4 Nd5 36. Qg6 Kf8 37. h5 Qf7 38. Qxf7+ Kxf7 39. Nd6+ Ke6 40. Nxb7 Nc7 41. g4 Kd5 42. f4 Ke4 43. g5 Kf5 44. h6 gxh6 45. gxh6 Kg6 46. Nd8 Kxh6 47. Nxc6 Kg6 48. Kf2 Kf5 49. Kf3 Nb5 50.
d5 Nd6 51. Ne7# 1-0

[Event "*** Titled Tuesday Blitz"]
[Site "Chess.com"]
[Date "2020.05.12"]
[Round "6"]
[White "realmadridtv"]
[Black "MarcoRiehle"]
[Result "0-1"]
[WhiteElo "2457"]
[BlackElo "2619"]
[TimeControl "180+1"]
[EndTime "11:06:47 PDT"]
[Termination "MarcoRiehle won on time"]

1. d4 d5 2. c4 e6 3. g3 Nf6 4. Bg2 dxc4 5. Qa4+ c6 6. Qxc4 b5 7. Qd3 Bb7 8. Nf3 a6 9. O-O Nbd7 10. Nc3 Be7 11.
Ne5 Nxe5 12. dxe5 Qxd3 13. exd3 Nd7 14. f4 O-O 15. Be3 Rfd8 16. Rfd1 Rac8 17. Kf2 f5 18. a4 Nc5 19. axb5 axb5 20. Ra7 Ra8 21. Rxb7 Nxb7 22. Bxc6 Rab8 23. d4 Na5 24. Bxb5 Rdc8 25. Bd7 Rxb2+ 26. Rd2 Rxd2+ 27. Bxd2 Rb8 28. Bxe6+ Kf8 29. Ke3 g6 30. Kd3 Nb3 31. Be3 Ba3 32. d5 Ke7 33. Kc4 Rb4+ 34. Kd3 Rb8 35. Ba7 Rb7 36. Be3 Bc5 37. Nd1 Bxe3 38.
Nxe3 Nc5+ 39. Kc4 Nxe6 40. dxe6 Kxe6 41. h4 Ra7 42. g4 Ra4+ 43. Kd3 Rxf4 44. gxf5+ gxf5 45. Ng2 Kxe5 46. Ke3 Rg4 47. Kf3 Rxg2 48. Kxg2 Kf4 0-1

[Event "*** Titled Tuesday Blitz"]
[Site "Chess.com"]
[Date "2020.05.12"]
[Round "6"]
[White "Kezin_Roman"]
[Black "Micki-taryan"]
[Result "0-1"]
[WhiteElo "2790"]
[BlackElo "3064"]
[TimeControl "180+1"]
[EndTime "11:06:48 PDT"]
[Termination "Micki-taryan won on time"]

1. d4 Nf6 2. c4 e6 3. g3 c5 4. d5 exd5 5. cxd5 d6 6. Nc3 g6 7. Nf3 Bg7 8. Bg2 O-O 9. O-O a6 10. a4 Re8 11. Nd2 Nbd7 12. h3 Rb8 13.
Nc4 Nb6 14. Na3 Nbd7 15. Nc4 Ne5 16. Na3 Nh5 17. e4 Bd7 18. a5 b5 19. axb6 Bb5 20.
g4 Bxf1 21. Kxf1 Nf6 22. f4 Ned7 23. Nc4 Nxb6 24. Na5 Qc7 25. Nc6 Ra8 26. e5 Nfd7 27.
Ne4 Nc8 28. e6 fxe6 29. dxe6 Ndb6 30. f5 d5 31. f6 Rxe6 32. fxg7 dxe4 33. Na5 Qxg7 34.
Be3 Ne7 35. Bxc5 Rf8+ 36. Kg1 Nbd5 37. Nc4 Kh8 38. Ra3 Nf4 39. Bf1 Nc6 40. Bxf8 Qxf8 41.
Ne3 Rd6 42. Qa4 Nd4 43. Qc4 Nf3+ 44. Kh1 Rd4 45. Qc3 Qf6 46. Rxa6 Qe5 47. Qc8+ Kg7 48.
Ra7+ Kh6 49. Qf8+ Kg5 50. b4 Ne6 0-1

[Event "*** Titled Tuesday Blitz"]
[Site "Chess.com"]
[Date "2020.05.12"]
[Round "6"]
[White "JoachimMouhamad"]
[Black "Redbandit87"]
[Result "1-0"]
[WhiteElo "2220"]
[BlackElo "2356"]
[TimeControl "180+1"]
[EndTime "11:06:48 PDT"]
[Termination "JoachimMouhamad won on time"]

1. e4 e5 2. Nf3 Nc6 3. Bb5 Bc5 4. c3 f5 5. Bxc6 dxc6 6. Nxe5 Bd6 7. d4 Bxe5 8. dxe5 Qxd1+ 9. Kxd1 fxe4 10. Re1 Bf5 11. Bf4 O-O-O+ 12. Ke2 Ne7 13. Nd2 Ng6 14. Bg3 Bg4+ 15.
f3 exf3+ 16. gxf3 Bh3 17. Ne4 h5 18. Ng5 h4 19. Bf2 Nf4+ 20. Ke3 Ng2+ 21. Ke4 Nxe1 22. Rxe1 Bd7 23. Nf7 Rdf8 24. Nxh8 Rxh8 25. Rg1 Be6 26. Rxg7 Bd5+ 27. Ke3 Bxa2 28. f4 Bd5 29. f5 Re8 30.
Kf4 a5 31. Bxh4 b5 32. e6 Kb7 33. Ke5 a4 34. Bf2 Rh8 35. h4 Rh5 36. Rg5 Rh8 37. f6 Re8 38. e7 Bf7 39. h5 Rh8 40. Be3 Bxh5 41. Rg7 Kc8 42. f7 Bxf7 43. Rxf7 Kd7 44.
Kf6 Rh1 45. Rf8 Rf1+ 46. Ke5 Kxe7 47. Rxf1 1-0

[Event "*** Titled Tuesday Blitz"]
[Site "Chess.com"]
[Date "2020.05.12"]
[Round "6"]
[White "jerry_77"]
[Black "Fins0905"]
[Result "0-1"]
[WhiteElo "2457"]
[BlackElo "2621"]
[TimeControl "180+1"]
[EndTime "11:06:49 PDT"]
[Termination "Fins0905 won by resignation"]

1. e4 d5 2. exd5 Qxd5 3. Nc3 Qd8 4. d4 Nf6 5. Nf3 Bg4 6. g3 c6 7. Bg2 e6 8. O-O Nbd7 9. Be3 Be7 10. Re1 O-O 11. a3 Re8 12. h3 Bh5 13. g4 Bg6 14. Bf4 Nd5 15. Nxd5 cxd5 16. c3 Qb6 17. Qd2 Rac8 18.
Ne5 Nxe5 19. Bxe5 Qb3 20. Bf3 b5 21. Bd1 Qc4 22. Be2 Qc6 23. Bd3 Bxd3 24. Qxd3 a5 25.
Bg3 Qc4 26. Qf3 b4 27. axb4 axb4 28. Re3 Ra8 29. Rae1 Ra2 30. R1e2 Bg5 31. Rd3 b3 32. Rd1 Rea8 33. h4 Be7 34. g5 Ra1 35. Ree1 Rxd1 36. Rxd1 Ra2 37. Rd2 Ra1+ 38. Kh2 Qf1 39. Re2 g6 40.
Be5 Bf8 41. Bf6 h6 42. h5 gxh5 43. gxh6 Bxh6 44. Qg2+ Qxg2+ 45. Kxg2 Rb1 46. c4 dxc4 47. d5 exd5 48. Re8+ Kh7 49. Bc3 Bg7 50. Bxg7 Kxg7 51. Re5 Rxb2 52. Rxd5 Rc2 53. Rxh5 b2 54. Rb5 c3 55.
Kf3 Rc1 0-1

[Event "*** Titled Tuesday Blitz"]
[Site "Chess.com"]
[Date "2020.05.12"]
[Round "6"]
[White "TokChess"]
[Black "Mbneu"]
[Result "0-1"]
[WhiteElo "2376"]
[BlackElo "2266"]
[TimeControl "180+1"]
[EndTime "11:06:49 PDT"]
[Termination "Mbneu won by resignation"]

1. Nf3 Nf6 2. g3 c5 3. Bg2 d5 4.
O-O Nc6 5. c4 e6 6. cxd5 exd5 7.
d4 Be7 8. Nc3 O-O 9. dxc5 d4 10.
Na4 Bf5 11. Ne1 Be4 12. Bxe4 Nxe4 13. Nd3 h5 14. Qc2 h4 15. b4 Re8 16. Bf4 Bf6 17.
Rfd1 Qd5 18. f3 hxg3 19. hxg3 Ng5 20. Kg2 Qf5 21. Bxg5 Bxg5 22. Nab2 Nxb4 23. Nxb4 Qxc2 24. Nxc2 Rxe2+ 25. Kh3 Rxc2 26. Nd3 f5 27. f4 Bf6 28. Rab1 b6 29. cxb6 axb6 30. Rxb6 Raxa2 31. Rh1 Ra8 32. Rh2 Rxh2+ 33. Kxh2 Ra3 34. Ne5 Bxe5 35. fxe5 Re3 36.
Rd6 Rxe5 37. Rxd4 Kf7 38. Kh3 Kf6 39. Kg2 Re4 40. Rd6+ Kg5 41. Ra6 g6 42. Rb6 Rd4 43. Ra6 Rd2+ 44. Kf3 Rd3+ 45. Kg2 Rd7 46. Kf3 Rf7 47.
Kg2 Rf6 48. Ra4 Kh6 49. Rh4+ Kg5 50. Ra4 Rc6 51. Kf3 Kf6 52. Kg2 g5 53. Ra5 Rc2+ 54.
Kf3 g4+ 55. Ke3 Kg5 56. Ra8 Rg2 57. Rg8+ Kf6 58. Kf4 Rf2+ 59. Ke3 Rf3+ 60. Ke2 Rxg3 0-1

[Event "*** Titled Tuesday Blitz"]
[Site "Chess.com"]
[Date "2020.05.12"]
[Round "6"]
[White "WastefulJustice"]
[Black "stoleriu"]
[Result "0-1"]
[WhiteElo "2389"]
[BlackElo "2565"]
[TimeControl "180+1"]
[EndTime "11:06:50 PDT"]
[Termination "stoleriu won on time"]

1. e4 e6 2. d3 d5 3. Nd2 c5 4.
Ngf3 Nc6 5. g3 Bd6 6. Bg2 Nge7 7. O-O O-O 8. Re1 Qc7 9. c3 Rb8 10. Qe2 f6 11. Nf1 d4 12. c4 e5 13. Nh4 a6 14.
Bf3 b5 15. Nd2 Nb4 16. Rf1 Be6 17. a3 Nbc6 18. Bg4 Bf7 19. b3 Na5 20. a4 bxc4 21.
bxc4 Qc6 22. f4 Rb4 23. Bh5 Rxa4 24. Bxf7+ Rxf7 25. Rb1 Rb4 26. Ra1 Nb7 27. Ndf3 Nd8 28. fxe5 Bxe5 29. Bf4 Bxf4 30. gxf4 Ne6 31. f5 Nf4 32.
Qd2 Qd6 33. Ra2 Rb3 34. Ne1 Nh3+ 35. Kg2 Ng5 36. Nhf3 Nxf3 37. Rxf3 Rb6 38. Kh1 Nc6 39.
Qg2 Ne5 40. Rg3 Rb1 41. Re2 a5 42. h4 a4 43. h5 h6 44. Kh2 a3 45. Qg1 Nxd3 46. Rg2 Rxe1 0-1